 Dungeon Crawl Stone Soup version 0.27.0-1-g7a089689b8 (webtiles) character file.

Game seed: 6284574879685862426

9 Spectrina the Ducker (level 2, -1/18 HPs)
             Began as a Deep Elf Monk on Aug 1, 2021.
             Frozen to death by an endoplasm (5 damage)
             ... on level 2 of the Dungeon.
             The game lasted 00:02:09 (232 turns).

Spectrina the Ducker (Deep Elf Monk)                 Turns: 232, Time: 00:02:10

Health: -1/18      AC:  2    Str:  8    XL:     2   Next: 3%
Magic:  4/4        EV: 13    Int: 14    God:
Gold:   25         SH:  0    Dex: 17    Spells: 1/1 levels left

rFire    . . .     SeeInvis .   a - +0 short sword
rCold    . . .     Faith    .   (no shield)
rNeg     . . .     Spirit   .   b - +0 robe
rPois    .         Reflect  .   (no helmet)
rElec    .         Harm     .   (no cloak)
rCorr    .         Rampage  .   (no gloves)
Will     .....                  (no boots)
Stlth    +++.......             (no amulet)
HPRegen  0.06/turn              (no ring)
MPRegen  0.09/turn              (no ring)

@: no status effects
A: no striking features
a: no special abilities


You were on level 2 of the Dungeon.
You visited 1 branch of the dungeon, and saw 3 of its levels.

You collected 25 gold pieces.

Inventory:

Hand Weapons
 a - a +0 short sword (weapon)
Missiles
 f - 13 poisoned darts (quivered)
Armour
 b - a +0 robe (worn)
Scrolls
 d - a scroll of blinking {unknown}
Potions
 c - a potion of flight {unknown}
 e - a potion of curing {unknown}


   Skills:
 - Level 2.4 Fighting
 - Level 3.0 Short Blades
 - Level 3.6 Dodging
 + Level 3.6 Stealth


You had one spell level left.
You didn't know any spells.
Your spell library was empty.

Dungeon Overview and Level Annotations

Branches:
Dungeon (3/15)

Altars:
Cheibriados


Message History

You climb upwards.
A kobold comes into view. It is wielding a +0 club.
Found 13 poisoned darts, a runed hat and a white potion.
Found an escape hatch in the ceiling.
There is a stone staircase leading down here.
Found 9 gold pieces.
You see here 13 poisoned darts.
f - 13 poisoned darts An endoplasm comes into view.
You see here a +1 hat.
An endoplasm comes into view.
Found a stone staircase leading up.
Unknown command.
The helpless kobold fails to defend itself.
You puncture the kobold!
You kill the kobold!
You have reached level 2!
Things that are here:
a +0 club; a stone You open the door.
There is an open door here.
The endoplasm quivers.
The endoplasm barely misses you.
You hit the endoplasm.
The endoplasm is lightly wounded.
The endoplasm freezes you.
You are frozen.
You hit the endoplasm.
The endoplasm is heavily wounded.
The endoplasm misses you.
You hit the endoplasm.
The endoplasm is heavily wounded.
The endoplasm freezes you.
You are frozen.
* * * LOW HITPOINT WARNING * * *
You barely miss the endoplasm.
The endoplasm is heavily wounded.
The endoplasm freezes you.
You are frozen.
You die...

......##.####
#####.##.# ##+##+#
########### #....J.#
#.........# #..$...#
#.#######.# #...<..#
#.#.....#.# #......#
#.#.###.#.#
#......###.#.#J#.#.#
#........).!.@.#.#.#
#...........####.#.#
#.....[.....'....#.#
#...........######.#
#####>.............#
###.....########
#.....# #######


You could see an endoplasm.

Vanquished Creatures
  A ball python (D:1)
  2 hobgoblins
  2 kobolds
  A bat (D:2)
  A frilled lizard (D:2)
  A rat (D:2)
8 creatures vanquished.

Notes
Turn   | Place    | Note
-------+----------+-------------------------------------------
     0 | D:1      | Spectrina the Deep Elf Monk began the quest for the Orb.
     0 | D:1      | Reached XP level 1. HP: 13/13 MP: 3/3
   154 | D:3      | Found a snail-covered altar of Cheibriados.
   187 | D:2      | Reached XP level 2. HP: 10/18 MP: 4/4
   232 | D:2      | Frozen to death by an endoplasm

Illustrated notes

Levels and vault maps discovered:
D:1:      dpeg_arrival_ternary, layout_loops_ring, basic_ecumenical_altar,
          minmay_pentomino_o4
D:2:      layout_basic
D:3:      layout_loops_ring, mainiacjoe_overflow_tiny_flanked,
          grunt_temple_overflow_open, ebering_ghost_rock_garden,
          palyth_stone_intersect, kennysheep_generic_room_11,
          uniq_crazy_yiuf_cottage

Skill      XL: |  1 |
---------------+----+-----
Stealth        | 3 |  3.6
Fighting       | |  2.4
Short Blades   | |  3.0
Dodging        | |  3.6

Action                   || total
-------------------------++-------
Melee: Short sword       ||    31
 Stab: Sleeping          ||     2
Armor: Robe              ||     4
Dodge: Dodged            ||    19
